 Dungeon Crawl Stone Soup version 0.16.1-18-g436b03c (webtiles) character file.

92 Floorman the Charlatan (level 4, -9/22 HPs)
             Began as a Spriggan Artificer on May 12, 2015.
             Mangled by a gnoll
             ... wielding a +0 halberd
              (15 damage)
             ... on level 2 of the Dungeon.
             The game lasted 00:06:42 (2282 turns).

Floorman the Charlatan (Spriggan Artificer)         Turns: 2282, Time: 00:06:42

Health: -9/22      AC:  3    Str:  7    XL:     4   Next: 35%
Magic:  11/11      EV: 19    Int: 13    God:
Gold:   45         SH:  0    Dex: 17    Spells: 0 memorised, 3 levels left

rFire  . . .     SeeInvis +     a - +0 short sword
rCold  . . .     Clarity  .     j - +0 robe
rNeg   . . .     SustAb   .     (shield restricted)
rPois  .         Gourm    .     (helmet restricted)
rElec  .         Spirit   .     (no cloak)
rCorr  .         Warding  .     (gloves unavailable)
rMut   .         Stasis   .     (boots unavailable)
MR     .....                    (no amulet)
Stlth  +++.......               (no ring)
                                (no ring)

@: very quick, not resistant to hostile enchantments, fairly stealthy
A: unfitting armour, rugged brown scales 1, see invisible, herbivore 3, speed 3,
slow metabolism 2
a: no special abilities


You were on level 2 of the Dungeon.
You were not hungry.

You visited 1 branch of the dungeon, and saw 2 of its levels.

You collected 45 gold pieces.

Inventory:

Hand weapons
 a - a +0 short sword (weapon)
Armour
 j - a +0 robe (worn)
Magical devices
 b - a wand of flame (0)
 c - a wand of enslavement (15)
 d - a wand of random effects (13)
Scrolls
 i - 3 scrolls of remove curse
Potions
 e - 3 potions of curing
 k - 2 potions of might
Comestibles
 f - 2 bread rations
 h - a slice of pizza


   Skills:
 + Level 1.2 Fighting
 + Level 1.4 Short Blades
 + Level 4.2 Dodging
 + Level 2.9 Stealth
 + Level 5.6 Evocations


You had 3 spell levels left.
You didn't know any spells.

Dungeon Overview and Level Annotations

Branches:
Dungeon (2/15)

Altars:


Innate Abilities, Weirdness & Mutations

You are tiny and cannot use many weapons and most armour.
You have supernaturally acute eyesight.
You are a herbivore.
You cover ground extremely quickly.
You need consume almost no food.
You are partially covered in rugged brown scales (AC +1, +3% HP).


Message History

The gnoll shouts!
The gnoll moves out of view.
A gnoll comes into view. It is wielding a spear.
The gnoll shouts!
You hit the gnoll.
The gnoll is lightly wounded.
The gnoll misses you. The gnoll completely misses you.
A gnoll comes into view. It is wielding a flail.
The gnoll shouts!
You hit the gnoll.
The gnoll is moderately wounded.
The gnoll closely misses you. The gnoll hits you with a halberd!
You hit the gnoll.
The gnoll is heavily wounded.
The gnoll hits you!
* * * LOW HITPOINT WARNING * * *
The gnoll hits you but does no damage. The gnoll barely misses you.
The gnoll hits you from afar with a halberd!
Ouch! That really hurt!
You die...

#.# #.# #†# ###### #.######## ###
#..... .......... .># #.####
....###### #.# #.#... #.#.# #.#
#.#<## #.#..# ####.#### #.####
#.##.# #g.@..)(# #....# ..#
.........gg##.##.# ####.# ###
#.#......#.##.##)# #.# # .
........##.##.# #.# #
#....#..##.##.##########.# #
..........##.##......##....# #
...#..#...##.#######.##.##.# #
#.........##+######.........
######...##............#....####.


You could see 3 gnolls.

Vanquished Creatures
  A gnoll (D:1)
  2 adders
  2 worms
  A giant gecko (D:2)
  A ball python (D:1)
  7 bats
  2 giant cockroaches
  3 goblins (D:1)
  6 hobgoblins
  6 jackals
  4 giant newts
  9 kobolds
  6 rats (D:1)
50 creatures vanquished.

Notes
Turn   | Place    | Note
--------------------------------------------------------------
     0 | D:1      | Floorman, the Spriggan Artificer, began the quest for the Orb.
     0 | D:1      | Reached XP level 1. HP: 9/9 MP: 2/2
    54 | D:1      | Reached XP level 2. HP: 1/14 MP: 5/5
   490 | D:1      | Reached skill level 5 in Evocations
   580 | D:1      | Reached XP level 3. HP: 13/17 MP: 8/8
  1183 | D:1      | Gained mutation: You are partially covered in rugged brown scales (AC +1, +3% HP). [potion of beneficial mutation]
  1408 | D:1      | Reached skill level 1 in Fighting
  1858 | D:2      | Reached XP level 4. HP: 9/22 MP: 11/11
  2282 | D:2      | Mangled by a gnoll

Action                   |  1- 3 |  4- 6 || total
-------------------------+-------+-------++-------
Melee: Short sword       |   118 |    50 ||   168
Evoke: Wand              |    16 |     1 ||    17
  Use: Scroll            |     6 |       ||     6
       Potion            |     1 |     1 ||     2
 Stab: Sleeping          |     3 |       ||     3
